Map: Eflorescencia EE

Players

utahraptor

  • Race: Terran Terran
  • Spawn Location: 12:00

Lexoceles

  • Race: Zerg Zerg
  • Spawn Location: 3:00

MrFercho - Winner!

  • Race: Zerg Zerg
  • League: Silver
  • Spawn Location: 6:00

tigro - Winner!

  • Race: Terran Terran
  • League: Bronze
  • Spawn Location: 9:00

VOD

Have the link to the VOD?

Description

Time

  • Played on: June 27, 2020, 9:19 p.m.
  • Length: 17:01
Show
View Real Time Build Order
Export as new Build Order

utahraptor Terran 

Build Orders:  

Get SALT Encoding   

  12  0:03  SCV  
  13  0:15  Supply Depot  
  13  0:23  SCV  
  14  0:36  SCV  
  14  0:40  Barracks  
  15  0:47  Supply Depot  
  15  0:53  SCV  
  16  1:03  Barracks  
  16  1:07  SCV  
  17  1:19  SCV  
  18  1:28  Barracks  
  18  1:31  Marine  
  18  1:32  SCV  
  20  1:44  SCV  
  20  1:45  Refinery  
  21  1:53  Marine x2  
  23  1:56  SCV  
  24  2:07  Supply Depot  
  24  2:08  SCV  
  25  2:11  Marine x2  
  27  2:16  Marine  
  28  2:28  Marine, Barracks  
  29  2:30  Marine  
  29  2:36  SCV  
  31  2:40  Marine  
  32  2:48  Marine  
  32  2:49  Marine  
  34  2:58  Marine  
  34  3:06  Marine  
  34  3:07  Marine  
  34  3:15  Marine  
  35  3:24  Marine  
  35  3:25  Marine  
  37  3:33  Marine  
  37  3:38  Marine  
  36  3:42  Marine  
  36  3:43  Marine  
  37  3:51  Marine  
  37  3:52  Supply Depot  
  37  3:53  Supply Depot  
  37  3:55  Marine  
  37  4:00  Marine  
  37  4:01  Marine  
  37  4:06  SCV  
  37  4:09  Marine  
  39  4:13  Marine  
  40  4:18  SCV, Marine x2  
  43  4:25  Refinery  
  43  4:27  Marine  
  43  4:31  SCV  
  45  4:35  Marine  
  45  4:36  Marine  
  48  4:44  Barracks Reactor, Marine  
  48  4:53  Marine  
  46  5:05  Marine x2  
  43  5:11  Marine  
  44  5:23  Marine  
  44  5:25  Factory  
  46  5:29  Marine  
  38  5:38  Barracks Tech Lab  
  38  5:42  Marine  
  36  5:47  Marine  
  36  5:49  Barracks Tech Lab  
  35  5:54  Orbital Command  
  34  6:05  Marauder  
  34  6:06  Combat Shield  
  34  6:10  Factory Tech Lab  
  36  6:14  Barracks Reactor  
  35  6:22  Marauder, Marine x2  
  35  6:24  Concussive Shells  
  35  6:25  SCV  
  37  6:33  Siege Tank  
  37  6:38  Marauder  
  37  6:39  Command Center  
  42  6:41  Marine  
  42  6:42  Marine  
  42  6:43  Marine  
  45  6:49  SCV  
  46  6:56  Marine x2  
  46  6:59  Marine x2  
  46  7:01  SCV, Marauder  
  53  7:11  Marine  
  54  7:16  SCV, Supply Depot  
  55  7:38  Marine x4, Siege Tank  
  62  7:45  Marine  
  62  7:50  Marine  
  64  7:55  Marine x2  
  66  8:04  Marine x2  
  68  8:11  Marine  
  69  8:20  Refinery  
  62  8:40  Marine x3  
  62  8:41  Marine x2  
  61  8:42  Marauder  
  64  8:58  Marine x3  
  64  8:59  Marauder  
  68  9:03  Marauder  
  64  9:10  Marine  
  64  9:16  Marine x2  
  60  9:24  Marine x3  
  60  9:29  Marine  
  60  9:30  Siege Tank  
  64  9:34  Marine  
  63  9:39  Marine  
  63  9:42  Marine x2  
  63  9:44  SCV  
  62  9:58  Marine x2  
  62  9:59  Marine  
  57  10:01  Marine  
  57  10:05  Marine x2  
  56  10:16  Marine  
  46  10:36  Marine  
  42  10:48  Marine x2  
  42  10:49  Marine x2  
  43  10:53  Marauder  
  43  10:54  Marine, Siege Tank  
  49  10:57  Starport  
  46  11:06  Marine x2  
  46  11:08  SCV  
  49  11:15  Marine  
  50  11:20  SCV  
  52  11:25  SCV  
  52  11:32  SCV  
  53  11:44  SCV  
  53  11:46  Starport Reactor  
  54  11:48  Stimpack  
  43  12:02  Marine x2  
  40  12:11  Marine x2  
  38  12:25  Liberator x2  
  38  12:28  Marine x2  
  44  12:36  Marine  
  44  12:37  Marine  
  46  12:46  Marine  
  47  13:18  SCV  
  48  13:30  SCV  
  48  13:33  Marine x2  
  45  13:36  Marine x2  
  38  13:56  Marine x2  
Show
View Real Time Build Order
Export as new Build Order

Lexoceles Zerg 

Build Orders: Pool First 

Get SALT Encoding   

  12  0:08  Overlord  
  12  0:16  Drone  
  12  0:19  Drone  
  14  0:31  Drone  
  15  0:44  Drone x2  
  17  0:50  Spawning Pool  
  16  1:07  Extractor  
  16  1:09  Drone x2  
  17  1:41  Zergling x6  
  20  1:47  Queen  
  20  1:49  Evolution Chamber  
  21  2:07  Spine Crawler  
  20  2:16  Zergling x2  
  20  2:17  Zergling x2  
  20  2:22  Overlord  
  22  2:50  Hatchery  
  18  3:10  Lair  
  16  3:22  Zergling x2  
  16  3:23  Zergling x10  
  22  3:43  Metabolic Boost  
  22  3:49  Extractor  
  21  4:22  Zergling x4  
  21  4:23  Zergling x12  
  21  4:24  Zergling x2  
  30  4:34  Baneling Nest  
  29  4:49  Zerg Melee Weapons Level 1  
  29  5:20  Zergling x6  
  29  5:21  Zergling x8  
  35  5:28  Overlord  
  36  5:32  Overlord  
  34  5:38  Baneling x3  
  18  6:15  Zergling x10  
  18  6:16  Zergling x4  
  21  6:36  Infestation Pit  
  21  6:39  Drone  
  21  6:47  Drone  
  20  7:18  Zergling x8  
  20  7:19  Zergling x2  
  20  7:36  Drone x3  
  23  7:49  Drone x2  
  25  8:03  Drone x3  
  28  8:08  Pneumatized Carapace  
  28  8:25  Drone x3  
  26  8:50  Zergling x8  
  26  8:51  Zergling x8  
  34  9:00  Centrifical Hooks  
  34  9:04  Zergling x2  
  34  9:05  Zergling x6  
  38  9:22  Drone  
  38  9:23  Drone  
  40  9:28  Queen  
  42  9:33  Extractor  
  42  9:34  Drone x3  
  44  10:45  Baneling x2  
  32  11:09  Infestor x5  
  42  11:51  Burrow  
  41  12:00  Zergling x6  
  41  12:01  Zergling x12  
  47  12:02  Zergling x2  
  47  12:06  Zergling x2  
  50  12:18  Pathogen Glands  
  48  12:27  Zergling x2  
  48  12:28  Zergling x8  
  47  12:39  Spine Crawler  
  47  12:43  Spine Crawler  
  39  13:04  Infestor x4  
  39  13:05  Infestor  
  39  13:24  Hydralisk Den  
  29  13:36  Zergling x4  
  29  13:37  Zergling x6  
  3  14:54  Drone  
  3  15:38  Hatchery  
Show
View Real Time Build Order
Export as new Build Order

MrFercho Zerg - Winner!

Build Orders: Hatch First, Roach Hydra 

Get SALT Encoding   

  12  0:01  Drone  
  13  0:12  Drone  
  14  0:18  Overlord  
  14  0:37  Drone x2  
  14  0:38  Drone  
  17  0:56  Hatchery  
  16  1:03  Drone x2  
  18  1:21  Spawning Pool, Drone  
  18  1:22  Drone  
  19  1:31  Drone  
  20  1:35  Extractor  
  19  1:41  Drone  
  20  1:55  Drone  
  21  2:03  Drone  
  22  2:08  Drone  
  22  2:10  Queen x2  
  22  2:14  Overlord  
  27  2:23  Zergling x2  
  27  3:13  Zergling x12  
  33  3:32  Spine Crawler  
  32  3:35  Spine Crawler  
  32  3:36  Drone x3  
  32  3:37  Drone  
  32  3:38  Spine Crawler  
  32  3:40  Roach Warren  
  33  3:42  Lair  
  33  4:09  Drone x3  
  36  4:11  Overlord x3  
  36  4:28  Queen  
  38  4:36  Extractor  
  38  4:37  Extractor  
  34  4:59  Roach x9  
  47  5:14  Spine Crawler  
  46  5:33  Drone  
  46  5:34  Drone x8  
  55  5:36  Glial Reconstitution  
  52  6:11  Zergling x12  
  52  6:12  Zergling x4  
  52  6:14  Queen  
  60  6:19  Hydralisk Den  
  59  6:27  Overlord x3  
  59  6:28  Overlord  
  60  6:40  Drone  
  60  6:41  Overlord  
  60  6:56  Hydralisk x5  
  69  7:33  Drone  
  69  7:34  Drone x5  
  75  7:42  Overlord x3  
  75  7:46  Drone x2  
  75  7:49  Extractor  
  75  7:50  Muscular Augments  
  76  7:55  Evolution Chamber  
  76  7:57  Drone x2  
  77  8:13  Drone x4  
  81  8:22  Drone x2  
  77  8:30  Drone  
  63  8:40  Roach  
  63  8:41  Roach x6  
  65  9:00  Zerg Missile Weapons Level 1, Hydralisk x8  
  65  9:01  Grooved Spines  
  69  9:21  Zergling x8  
  71  9:31  Roach  
  71  9:32  Roach x5  
  81  9:47  Roach x2  
  77  10:03  Roach x5  
  85  10:17  Roach x3  
  87  10:50  Roach x2  
  87  10:51  Roach x6  
  103  10:58  Zerg Missile Weapons Level 2  
  97  11:10  Roach x3  
  97  11:11  Roach x3  
  109  11:25  Hatchery  
  108  11:32  Hydralisk x4  
  114  11:34  Overlord x3  
  116  11:46  Hatchery  
  109  12:01  Hydralisk x9  
  111  12:21  Evolution Chamber  
  110  12:32  Spire  
  110  12:33  Drone  
  110  12:34  Drone x6  
  112  13:24  Hydralisk x7  
  122  13:46  Extractor  
  119  13:49  Extractor  
  119  13:52  Drone x7  
  119  13:53  Drone x3  
  124  14:02  Mutalisk x2  
  124  14:26  Hydralisk x6  
  124  14:27  Hydralisk x5  
  144  14:34  Extractor  
  144  14:36  Extractor  
  144  14:37  Drone x5  
  147  14:47  Drone x4  
  147  14:49  Overlord  
  147  14:52  Overlord x2  
  151  15:28  Mutalisk x12  
  175  16:08  Zergling x2  
  175  16:09  Overlord x2  
  175  16:10  Overlord x10  
Show
View Real Time Build Order
Export as new Build Order

tigro Terran - Winner!

Build Orders:  

Get SALT Encoding   

  12  0:01  SCV  
  13  0:14  SCV  
  14  0:22  Supply Depot  
  14  0:26  SCV  
  15  0:33  Refinery  
  15  0:43  SCV  
  16  0:50  Barracks  
  16  0:56  SCV  
  17  1:03  Refinery  
  17  1:08  SCV  
  18  1:20  SCV  
  19  1:27  Supply Depot  
  19  1:37  Marine  
  20  1:48  Barracks  
  20  1:54  SCV  
  21  1:55  Marine  
  22  2:06  SCV  
  23  2:12  Marine  
  24  2:18  SCV  
  25  2:24  Engineering Bay  
  25  2:30  SCV, Marine  
  27  2:39  Barracks Reactor  
  27  2:48  Marine  
  27  2:49  Factory  
  28  3:06  Marine  
  29  3:24  Marine  
  29  3:29  Marine x2  
  26  3:42  Marine  
  26  3:47  Orbital Command, Marine x2  
  28  3:52  Factory Tech Lab  
  29  4:04  Marine  
  29  4:05  Marine  
  31  4:11  Barracks Tech Lab  
  31  4:12  Factory  
  31  4:14  Terran Infantry Weapons Level 1  
  30  4:22  Marine x2  
  35  4:52  Siege Tank  
  35  4:56  Command Center, Marine  
  35  4:57  Marine  
  35  4:59  Starport  
  28  5:10  Marine  
  28  5:14  Marine  
  29  5:15  Marine  
  7  5:34  Marine x3  
  4  5:43  Orbital Command  
  4  6:08  Terran Infantry Armor Level 1  
  4  6:40  SCV  
  5  6:52  SCV  
  6  6:59  SCV  
  7  7:01  Orbital Command  
  6  7:11  SCV  
  5  7:24  SCV  
  6  7:36  SCV  
  7  7:53  SCV  
  8  8:02  Neosteel Armor  
  8  8:05  SCV  
  9  8:10  SCV  
  10  8:21  Factory Tech Lab  
  10  8:22  SCV  
  11  8:44  SCV  
  12  8:56  SCV  
  13  9:08  SCV  
  14  9:20  SCV  
  15  9:42  Hi-Sec Auto Tracking  
Tags
 
Add a new tag
Caveats
  • Supply blocks, unpowered buildings, or Contaminate may cause inaccurate times.
  • Supply counts are checked every 10 seconds.